 Dungeon Crawl Stone Soup version 0.31-a0-1388-g4b2ba238e7 (webtiles) character file.

Game seed: 4586293490217939073

758 MisterAzrael the Changeling (level 7, -2/46 HPs)
             Began as an Octopode Shapeshifter on Dec 24, 2023.
             Slain by a killer bee (6 damage)
             ... on level 6 of the Dungeon.
             The game lasted 00:07:41 (3746 turns).

MisterAzrael the Changeling (Octopode Shapeshifter) Turns: 3746, Time: 00:07:41

Health: -2/46      AC:  1    Str: 15    XL:     7   Next: 80%
Magic:  7/7        EV: 17    Int: 16    God:
Gold:   183        SH:  4    Dex: 10    Spells: 6/6 levels left

rFire   . .          .
                       - Unarmed
rCold   . . .        (shield currently unavailable)
rNeg    . . .        (helmet restricted)
rPois   .            (no amulet)
rElec   .            (no ring)
rCorr   .            (no ring)
SInv    .            (no ring)
Will    .....        (no ring)
Stlth   +            (no ring)
HPRegen 0.27/turn    (no ring)
MPRegen 0.10/turn    (no ring)
                     (no ring)

%: no passive effects
@: lethally poisoned (-2 -> -13), flux-form, glowing
A: glow, contaminating, reduced hp, almost no armour, amphibious, 8 rings,
camouflage 1, gelatinous body 1, (nimble swimmer 1), tentacles, large bone
plates 1, clever 1, robust 1
a: Begin Untransformation


You were on level 6 of the Dungeon.
You were something dangerously unstable.
You visited 1 branch of the dungeon, and saw 6 of its levels.

You collected 183 gold pieces.

Inventory:

Missiles
 m - 9 poisoned darts
Armour
 o - a +0 hat
Talismans
 b - a beast talisman
 c - a flux talisman (active)
Scrolls
 d - 5 scrolls of identify {unknown}
 g - a scroll of fear {unknown}
 i - a scroll of silence {unknown}
 j - a scroll of revelation {unknown}
 k - a scroll of amnesia {unknown}
 l - 4 scrolls of enchant weapon {unknown}
 p - a scroll of torment {unknown}
 q - a scroll of vulnerability {unknown}
Potions
 a - 2 potions of mutation
 e - a potion of heal wounds {unknown}
 f - a potion of berserk rage {unknown}
 h - 2 potions of attraction {unknown}
 n - 2 potions of magic


   Skills:
 - Level 1.0 Fighting
 - Level 2.0 Dodging
 + Level 5.6 Unarmed Combat
 * Level 6.9 Shapeshifting


You had 6 spell levels left.
You didn't know any spells.
Your spell library was empty.

Dungeon Overview and Level Annotations

Branches:
Dungeon (6/15)
 Temple: D:4-7

Altars:
Fedhas
Gozag
Kikubaaqudgha
Zin

Annotations:
D:5 Menkaure


Innate Abilities, Weirdness & Mutations

You are something dangerously unstable.
You glow with magical radiation, making you easy to see and hit.
Foes you strike become dangerously contaminated with magical radiation.
Your maximum health is decreased, since you lack skill for your form.
You are incapable of wielding weapons or throwing items.
You cannot wear most types of armour.
You are amphibious.
You can wear up to eight rings at the same time.
Your skin changes colour to match your surroundings (Stealth+).
Your rubbery body absorbs attacks. (AC +1, EV +1)
((You are camouflaged when in or above water. (Stealth+)))
You have tentacles for arms and can constrict up to eight enemies at once.
You are partially covered in large bone plates. (SH +4)
Your mind is acute. (Int +4, Str/Dex -1)
You are robust. (+10% HP)


Message History

The killer bee stings you!
The killer bee attacks as it pursues you!
The killer bee stings you! You block the killer bee's attack.
The killer bee barely misses you.
There is a stone staircase leading down here.
The killer bee completely misses you. You block the killer bee's attack.
Menkaure calls on the powers of darkness!
The adder convulses!
The killer bee convulses! x4
Your body is wracked with pain!
You climb downwards.
Found 9 gold pieces.
There is a stone staircase leading up here.
You closely miss the killer bee. Your grab misses the killer bee.
The killer bee is heavily wounded.
The killer bee barely misses you. You block the killer bee's attack.
The killer bee stings you.
You barely miss the killer bee. Your grab misses the killer bee.
The killer bee is heavily wounded.
The killer bee misses you. The killer bee completely misses you.
The killer bee misses you. The killer bee stings you.
* * * LOW HITPOINT WARNING * * *
You are poisoned.
The killer bee poisons you!
You miss the killer bee. Your grab misses the killer bee.
The killer bee is heavily wounded.
You feel sick. The killer bee barely misses you. The killer bee stings you.
* * * LOW HITPOINT WARNING * * *
The killer bee closely misses you. The killer bee misses you.
You miss the killer bee. Your grab misses the killer bee.
The killer bee is heavily wounded.
The killer bee completely misses you. The killer bee closely misses you. x2
You block the killer bee's attack.
It was a potion of magic.
Magic courses through your body.
You feel sick. The killer bee stings you.
* * * LOW HITPOINT WARNING * * *
You are lethally poisoned!
The killer bee poisons you!
The killer bee stings you but does no damage.
The killer bee stings you.
You die...

#..#..
#.....
##.$...
.......
.......
#.....##
#.....###.#
#..ypy..#
#......##
#.#####.#
.. #.. #
##. .. .


You could see 2 killer bees.

Vanquished Creatures
  A black bear (D:4)
  An ogre (D:5)
  An ice beast (D:5)
  A kobold brigand (D:4)
  A bullfrog (D:4)
  A scorpion (D:3)
  A killer bee (D:4)
  A bombardier beetle (D:4)
  A jelly (D:4)
  An orc priest (D:5)
  Terence (D:2)
  An orc wizard (D:5)
  4 gnolls (D:3)
  An adder (D:3)
  2 worms (D:2)
  A dart slug (D:4)
  2 orcs (D:5)
  4 endoplasms
  3 giant cockroaches
  3 hobgoblins
  24 kobolds
  4 quokkas
  A ball python (D:2)
  5 bats
  4 frilled lizards
  3 goblins
  6 rats
79 creatures vanquished.

Notes
Turn   | Place    | Note
-------+----------+-------------------------------------------
     0 | D:1      | MisterAzrael the Octopode Shapeshifter began the quest for
                  | the Orb.
     0 | D:1      | Reached XP level 1. HP: 13/13 MP: 1/1
   133 | D:1      | You fall into a shaft and drop 1 floor!
   241 | D:2      | Reached XP level 2. HP: 18/18 MP: 2/2
   263 | D:2      | Noticed Terence
   274 | D:2      | Killed Terence
   275 | D:2      | Reached XP level 3. HP: 8/23 MP: 3/3
   521 | D:2      | Reached skill level 4 in Shapeshifting
   651 | D:2      | Found a faded altar of an unknown god.
   909 | D:2      | Reached XP level 4. HP: 28/28 MP: 4/4
  1227 | D:3      | Gained mutation: You are frail. (-10% HP) [potion of
                  | mutation]
  1227 | D:3      | Gained mutation: Your spells are a little harder to cast,
                  | but a little more powerful. [potion of mutation]
  1376 | D:3      | Lost mutation: Your spells are a little harder to cast, but
                  | a little more powerful. [potion of mutation]
  1376 | D:3      | Lost mutation: You are frail. (-10% HP) [potion of
                  | mutation]
  1376 | D:3      | Gained mutation: You are robust. (+10% HP) [potion of
                  | mutation]
  1376 | D:3      | Gained mutation: Your mind is acute. (Int +4, Str/Dex -1)
                  | [potion of mutation]
  1376 | D:3      | Gained mutation: You are partially covered in large bone
                  | plates. (SH +4) [potion of mutation]
  1692 | D:3      | Reached XP level 5. HP: 36/36 MP: 5/5
  1834 | D:4      | Noticed a black bear
  1840 | D:4      | Killed a black bear
  1841 | D:4      | Reached skill level 5 in Shapeshifting
  1851 | D:3      | Reached XP level 6. HP: 15/41 MP: 6/6
  2430 | D:4      | Found a glowing silver altar of Zin.
  2471 | D:4      | Found a blossoming altar of Fedhas.
  2479 | D:4      | Reached skill level 5 in Unarmed Combat
  2479 | D:4      | Reached skill level 6 in Shapeshifting
  2492 | D:4      | Reached XP level 7. HP: 38/47 MP: 7/7
  3004 | D:4      | Found an ancient bone altar of Kikubaaqudgha.
  3035 | D:4      | Found an opulent altar of Gozag.
  3204 | D:5      | Entered Level 5 of the Dungeon
  3736 | D:5      | Noticed Menkaure
  3746 | D:6      | Slain by a killer bee

Illustrated notes

Levels and vault maps discovered:
D:1:      matt_arrival_refuge, layout_basic, serial_bayou_crossing
D:2:      layout_loops_ring, shapermc_ecumenical_altar_mp_urbaneastern,
          kennysheep_generic_room_5, uniq_terence
D:3:      layout_basic
D:4:      kennysheep_kobold_camp, layout_basic, mainiacjoe_overflow_catwalk,
          zin_treasury, mainiacjoe_overflow_two_lobes
D:5:      layout_gridville, skrybe_limestone_x, chequers_serial_rivers_room_b,
          uniq_menkaure
D:6:      layout_loops_ring, serial_shops, kennysheep_mini,
          minmay_increasing_density

Skill      XL: |  1  2  3  4  5  6 |
---------------+-------------------+-----
Shapeshifting  | 4 5 6 |  6.9
Unarmed Combat | 4 5 |  5.6
Fighting       | |  1.0
Dodging        | |  2.0

Action                     |  1- 3 |  4- 6 |  7- 9 || total
---------------------------+-------+-------+-------++-------
  Melee: Unarmed           |    62 |   109 |    37 ||   208
         Constrict         |    14 |    19 |     8 ||    41
         Tentacles         |    10 |    18 |     4 ||    32
         Punch             |     2 |     4 |       ||     6
Ability: Begin Untransform |       |       |     1 ||     1
    Use: Potion            |       |     6 |     1 ||     7
   Stab: Sleeping          |     3 |     1 |       ||     4
 Armour: Skin              |    16 |    84 |    19 ||   119
  Dodge: Dodged            |    28 |    39 |    28 ||    95
  Block: Other             |       |     9 |    14 ||    23
   Form: Flux              |       |       |     1 ||     1

Table legend: (Time is in decaauts)
 A = Elapsed time spent in this place.
 B = Non-inter-level travel time spent in this place.
 C = Inter-level travel time spent in this place.
 D = Time resting spent in this place.
 E = Time spent auto-exploring this place.
 F = Levels seen in this place.
 G = Mean time per level.
                   A        B        C        D        E       F      G
               +--------+--------+--------+--------+--------+-----+--------+
         Total |   3730 |   3660 |     70 |    706 |   2236 |   6 |  621.7 |
       Dungeon |   3730 |   3660 |     70 |    706 |   2236 |   6 |  621.7 |
               +--------+--------+--------+--------+--------+-----+--------+

Top non-repeatable levels by time:
     D:4: 1336 daAuts
     D:3: 962 daAuts
     D:2: 858 daAuts
     D:5: 435 daAuts
     D:1: 132 daAuts
     D:6: 4 daAuts
